 Dungeon Crawl Stone Soup version 0.28.0-53-g5a82cb258f (webtiles) character file.

Game seed: 10136586618858061323

101 Zeld the Skirmisher (level 4, -1/61 HPs)
             Began as a Minotaur Berserker on June 12, 2022.
             Was a Believer of Trog.
             Slain by an orc wizard
             ... wielding a +0 dagger
              (4 damage)
             ... on level 3 of the Dungeon.
             The game lasted 00:02:17 (1967 turns).

Zeld the Skirmisher (Minotaur Berserker)            Turns: 1967, Time: 00:02:18

Health: -1/61      AC: 11    Str: 29    XL:     4   Next: 48%
Magic:  3/3        EV:  8    Int:  4    God:    Trog [**....]
Gold:   42         SH:  0    Dex: 10    Spells: 3/3 levels left

rFire   . . .      SeeInvis .   a - +0 war axe
rCold   . . .      Faith    .   (no shield)
rNeg    . . .      Spirit   .   b - +0 plate armour
rPois   .          Reflect  .   (helmet restricted)
rElec   .          Harm     .   (no cloak)
rCorr   +          Rampage  .   (no gloves)
Will    .....                   (no boots)
Stlth   ..........              (no amulet)
HPRegen 0.20/turn               l - ring "Juishax" {rCorr Str+6}
MPRegen 0.08/turn               (no ring)

@: berserking, very quick
A: horns 2, retaliatory headbutt
a: Renounce Religion, Berserk, Trog's Hand


You were on level 3 of the Dungeon.
You worshipped Trog.
Trog was pleased with you.
You visited 1 branch of the dungeon, and saw 3 of its levels.

You collected 42 gold pieces.

Inventory:

Hand Weapons
 a - a +0 war axe (weapon)
Missiles
 m - 2 boomerangs (quivered)
Armour
 b - a +0 plate armour (worn)
Jewellery
 l - the ring "Juishax" (left hand) {rCorr Str+6}
   (You found it on level 2 of the Dungeon)

   [ring of strength]

   Str:       It affects your strength (+6).
   rCorr:     It protects you from acid and corrosion.
Scrolls
 c - 2 scrolls of enchant armour {unknown}
 d - a scroll of identify {unknown}
 f - a scroll of noise {unknown}
 g - a scroll of torment {unknown}
 i - 2 scrolls of teleportation {unknown}
 k - a scroll of blinking {unknown}
 n - a scroll of summoning {unknown}
Potions
 e - 2 potions of degeneration {unknown}
 h - a potion of attraction {unknown}
 j - a potion of berserk rage {unknown}


   Skills:
 * Level 4.8 Fighting
 * Level 4.7 Axes
 + Level 3.1 Armour
 + Level 2.9 Dodging


You had 3 spell levels left.
You didn't know any spells.
Your spell library was empty.

Dungeon Overview and Level Annotations

Branches:
Dungeon (3/15)

Altars:
The Shining One

Shops:
D:1 [

Annotations:
D:3 1 runed translucent door, trickyswaf's ghost, amateur DEIE


Innate Abilities, Weirdness & Mutations

You have a pair of horns on your head.
You reflexively headbutt those who attack you in melee.


Message History

You hit something. Something hits you but does no damage.
You slash something!
Something barely misses the orc.
You hear some strange, mumbled words.
A magic dart appears from out of thin air!
The magic dart hits you!
Something hits the orc.
You completely miss something. Your headbutt misses something.
Something completely misses you.
You closely miss something.
Something hits you but does no damage. x2
You miss something.
You hear some strange, mumbled words.
A magic dart appears from out of thin air!
The magic dart hits you.
You miss something. Your headbutt misses something. Something hits you.
You closely miss something. Your headbutt misses something.
You slash something!
You hear some strange, mumbled words.
A puff of flame appears from out of thin air!
The puff of flame hits you!
* * * LOW HITPOINT WARNING * * *
You hear some strange, mumbled words.
A puff of flame appears from out of thin air!
The puff of flame misses you. Something hits you but does no damage.
Unknown command.
A red film seems to cover your vision as you go berserk!
You feel yourself moving faster!
You feel mighty!
You hear some strange, mumbled words.
A puff of flame appears from out of thin air!
The puff of flame hits you!
* * * LOW HITPOINT WARNING * * *
Something hits you but does no damage.
You closely miss something. Your headbutt misses something. You hit something.
Trog accepts your kill.
Trog appreciates your killing of a magic user.
Reactivating autopickup.
You feel a bit more experienced.
Unknown command.
Unknown command.
Deactivating autopickup; reactivate with Ctrl-A.
You hit something. You closely miss the orc. Something hits you.
You die...

#.# ##.# ...# ####
####### #####
......# ######...
#.#+#.## #...##.###
#.#S#..####......{.#
#.#S##........##@#.#
#.#F############o#
..#W# #......# ..#$#
###.#### ..#≈# ...
..# ..# .# .#


You could see an orc.

Vanquished Creatures
  An orc wizard (D:3)
  An adder (D:3)
  A worm (D:2)
  3 dart slugs
  4 orcs (D:3)
  10 ball pythons
  7 bats
  3 endoplasms
  A giant cockroach (D:1)
  3 goblins
  6 hobgoblins
  A quokka (D:1)
  3 frilled lizards
  6 kobolds
  3 rats (D:1)
53 creatures vanquished.

Notes
Turn   | Place    | Note
-------+----------+-------------------------------------------
     0 | D:1      | Zeld the Minotaur Berserker began the quest for the Orb.
     0 | D:1      | Reached XP level 1. HP: 19/19 MP: 0/0
   360 | D:1      | Reached XP level 2. HP: 27/27 MP: 1/1
   501 | D:1      | Reached ** piety under Trog
   903 | D:1      | Reached XP level 3. HP: 28/33 MP: 2/2
   952 | D:1      | Found Ogithrani's Armour Shoppe.
  1220 | D:2      | Found a glowing golden altar of the Shining One.
  1302 | D:2      | Identified the ring "Juishax" {rCorr Str+6}
  1525 | D:2      | Found a faded altar of an unknown god.
  1779 | D:3      | Reached XP level 4. HP: 34/41 MP: 3/3
  1923 | D:3      | Noticed a bullfrog
  1924 | D:3      | Found a runed translucent door.
  1926 | D:3      | Noticed trickyswaf's ghost (amateur DEIE)
  1965 | D:3      | HP: 2/61 [something/puff of flame (7)]
  1967 | D:3      | Slain by an orc wizard

Illustrated notes

Levels and vault maps discovered:
D:1:      minmay_arrival_widening_spiral_wide, layout_loops_ring, serial_shops,
          shop_statue
D:2:      layout_basic, chequers_ecumenical_altar_grove, basic_altar
D:3:      layout_loops_cross, ebering_ghost_sewer_d

Skill      XL: |  1  2  3 |
---------------+----------+-----
Fighting       | 4 |  4.8
Axes           | 4 |  4.7
Armour         | 3 |  3.1
Dodging        | |  2.9

Action                   |  1- 3 |  4- 6 || total
-------------------------+-------+-------++-------
Melee: Hand axe          |    94 |     2 ||    96
       Headbutt          |    13 |       ||    13
       War axe           |       |    20 ||    20
Invok: Berserk           |       |     1 ||     1
Armor: Animal skin       |     6 |       ||     6
       Plate armour      |    33 |    16 ||    49
Dodge: Dodged            |    66 |     6 ||    72
